 Dungeon Sprint DCSS version 0.14-a0-40-g75911bd (console) character file.

380 Dalvant the Arsonist (level 5, 28/28 HPs)
             Began as a Deep Elf Fire Elementalist on Sept 28, 2013.
             Quit the game in the Dungeon (Sprint I: "Red Sonja").
             The game lasted 00:02:15 (577 turns).

Dalvant the Arsonist (Deep Elf Fire Elementalist)    Turns: 577, Time: 00:02:15

HP  28/28        AC  2     Str  5      XL: 5   Next: 47%
MP  17/17        EV 14     Int 21      God:
Gold 182         SH  0     Dex 15      Spells:  3 memorised,  4 levels left

Res.Fire  : . . .   See Invis. : .   (no weapon)
Res.Cold  : . . .   Warding    : .   a - +0 elf robe
Life Prot.: . . .   Conserve   : .   (no shield)
Res.Poison: .       Res.Corr.  : .   (no helmet)
Res.Elec. : .       Clarity    : .   (no cloak)
Sust.Abil.: . .     Spirit.Shd : .   (no gloves)
Res.Mut.  : .       Prev.Telep.: +   (no boots)
Res.Rott. : .       Flight     : .   (no amulet)
Saprovore : . . .                    (no ring)
                                     (no ring)

@: slightly resistant to hostile enchantments, quite stealthy
A: no striking features
a: no special abilities


You were in the Dungeon.
You were not hungry.

You visited 1 branch You collected 162 gold pieces.

Inventory:

Armour
 a - a +0 elven robe (worn)
Magical devices
 h - a wand of confusion (15) {unknown}
Comestibles
 c - a bread ration
Scrolls
 i - a scroll of blinking
 k - a scroll of curse armour {unknown}
Potions
 d - a potion of curing
 e - a potion of heal wounds
 f - a potion of speed
 g - 2 potions of magic
 j - a potion of invisibility {invis (?), unknown}
Books
 b - a book of Flames

   Spells                             Type                      Level
   *Flame Tongue                      Conjuration/Fire             1
   Throw Flame                        Conjuration/Fire             2
   Conjure Flame                      Conjuration/Fire             3
   *Inner Flame                       Hexes/Fire                   3
   *Sticky Flame                      Conjuration/Fire             4
   Fireball                           Conjuration/Fire             5


   Skills:
 * Level 2.6 Fighting
 - Level 4.8 Dodging
 + Level 5.2 Stealth
 - Level 0.1 Unarmed Combat
 + Level 4.1 Spellcasting
 + Level 3.5 Conjurations
 + Level 9.8 Fire Magic


You had 4 spell levels left.
You knew the following spells:

 Your Spells              Type           Power        Failure   Level  Hunger
a - Flame Tongue          Conj/Fire      ####.        1%          1    None
c - Sticky Flame          Conj/Fire      ####....     10%         4    ####...
J - Inner Flame           Hex/Fire       ###.....     6%          3    ###....


Dungeon Overview and Level Annotations

Branches:
Dungeon (1/1)

Altars:
Ashenzari
Fedhas
Kikubaaqudgha
Makhleb
Okawaru
Xom
Yredelemnul
Zin

Shops:
D +


Message History

Aim: an elephant slug (severely wounded)
Okay, then.
Things that are here:
a scythe; a runed robe; the rotting human corpse of Sigmund
There is an open door here.
Which direction?
You close the door.
You start resting.
You open the door.
There is an open door here.
Things that are here:
a scythe; a runed robe; the rotting human corpse of Sigmund
There is an open door here.
There is an open door here.
You see here a morningstar.
There is an open door here.
The elephant slug swivels its eye-stalks towards you.
Found a burning altar of Makhleb.
There is an entrance to Veodd's Book Emporium here.
Are you sure you want to abandon this character and quit the game? (Confirm with "yes".)

################ ##
#<<#..)..#.)'..#__#
#<.)..#..'..#..+.J+
#..#####'#####'#__#
#..####..# #)# ##
#..#_.#### ##.#
#..#.....##+#..+
#⌠⌠#_.@..j'..._#
####.....##_.#+#
#_._._###+# #######


You could see an elephant slug.

Vanquished Creatures
  An ogre (D)
  Sigmund (D)
  A jelly (D)
  Ijyb (D)
4 creatures vanquished.

Notes
Turn   | Place    | Note
--------------------------------------------------------------
     0 | D        | Dalvant, the Deep Elf Fire Elementalist, began the quest for the Orb.
     0 | D        | Reached XP level 1. HP: 10/10 MP: 4/4
     1 | D        | Noticed Ijyb
    11 | D        | Killed Ijyb
    11 | D        | Reached skill level 5 in Fire Magic
    11 | D        | Reached XP level 2. HP: 10/15 MP: 0/7
   159 | D        | Noticed an ogre
   163 | D        | Killed an ogre
   163 | D        | Reached skill level 8 in Fire Magic
   163 | D        | Reached XP level 3. HP: 11/19 MP: 4/10
   163 | D        | Reached XP level 4. HP: 13/24 MP: 5/13
   168 | D        | Learned a level 3 spell: Inner Flame
   173 | D        | Learned a level 4 spell: Sticky Flame
   186 | D        | Noticed Sigmund
   190 | D        | Killed Sigmund
   190 | D        | Reached skill level 5 in Stealth
   190 | D        | Reached skill level 9 in Fire Magic
   190 | D        | Reached XP level 5. HP: 8/28 MP: 2/16
   421 | D        | Found a shimmering altar of Xom.
   421 | D        | Found a blossoming altar of Fedhas.
   421 | D        | Found an ancient bone altar of Kikubaaqudgha.
   421 | D        | Found a basalt altar of Yredelemnul.
   421 | D        | Noticed a giant amoeba
   423 | D        | Found an ancient bone altar of Kikubaaqudgha.
   424 | D        | Noticed a jelly
   425 | D        | Found a burning altar of Makhleb.
   429 | D        | Killed a jelly
   434 | D        | Found a shimmering altar of Xom.
   434 | D        | Found a glowing silver altar of Zin.
   434 | D        | Found Veodd's Book Emporium.
   434 | D        | Found a shattered altar of Ashenzari.
   434 | D        | Found an iron altar of Okawaru.
   434 | D        | Noticed an elephant slug
   573 | D        | Found a burning altar of Makhleb.
   577 | D        | Quit the game

Action                   |  1- 3 |  4- 6 || total
-------------------------+-------+-------++-------
Melee: Unarmed           |     5 |       ||     5
 Cast: Flame Tongue      |     7 |    10 ||    17
       Sticky Flame      |       |     4 ||     4
  Use: Potion            |     1 |       ||     1
